 Dungeon Crawl Stone Soup version 0.28-a0-1447-ga5a8893891 (webtiles) character file.

Game seed: 5824172145963433445

100140 oldriver the Warrior (level 16, -1/143 HPs)
             Began as a Formicid Chaos Knight on Jan 10, 2022.
             Was a Plaything of Xom.
             Slain by a ghost moth (3 damage)
             ... on level 1 of the Spider Nest on Jan 11, 2022.
             The game lasted 00:44:42 (23768 turns).

oldriver the Warrior (Formicid Chaos Knight)       Turns: 23768, Time: 00:44:43

Health: -1/143     AC: 20    Str: 27      XL:     16   Next: 78%
Magic:  1/16       EV: 19    Int:  9 (10) God:    Xom [......]
Gold:   1387       SH:  9    Dex: 11 (12) Spells: 15/15 levels left

rFire   + + +      SeeInvis +   h - +12 war axe "Ciasoun" {venom, *Noise rF+++ Str+3 Dex+2}
rCold   . . .      Faith    .   z - +2 buckler {rF+}
rNeg    . . .      Spirit   .   w - +1 troll leather armour {Snorg}
rPois   +          Reflect  .   (helmet unavailable)
rElec   +          Harm     .   C - +0 cloak {rPois}
rCorr   .          Rampage  .   U - +3 Mad Mage's Maulers {Infuse+∞ RegenMP Int-3}
Will    +....                   i - +0 pair of boots
Stlth   ++........              X - amulet of the Air {Inacc Air Fly rElec RMsl}
HPRegen 1.13/turn               j - +4 ring of protection
MPRegen 0.55/turn               L - +4 ring of evasion

@: mighty, flying, repel missiles, unable to read
A: permanent stasis, dig shafts and tunnels, antennae 3, four strong arms, fangs
1, iridescent scales 1, dopey 1, mutation resistance 1, strong 1, wild magic 1,
inability to read while threatened
a: Dig, Shaft Self, Renounce Religion


You were on level 1 of the Spider Nest.
You worshipped Xom.
You were a very special plaything of Xom.
You visited 5 branches of the dungeon, and saw 24 of its levels.
You also visited: Ice Cave and Volcano.

You collected 2336 gold pieces.
You spent 949 gold pieces at shops.

Inventory:

Hand Weapons
 a - a +1 hand axe of chaos
 h - the +12 war axe "Ciasoun" (weapon) {venom, *Noise rF+++ Str+3 Dex+2}
   (You found it on level 4 of the Dungeon)

   It poisons the flesh of those it strikes.
   Str:       It affects your strength (+3).
   Dex:       It affects your dexterity (+2).
   rF:        It renders you almost immune to fire.
   *Noise:    It may make noises in combat.
 G - a +2 battleaxe of flaming
Missiles
 x - 5 throwing nets
Armour
 i - a +0 pair of boots (worn)
 t - a +2 cloak of preservation
 w - a +1 troll leather armour (worn) {Snorg}
 z - a +2 buckler of fire resistance (worn)
 C - a +0 cloak of poison resistance (worn)
 P - a +1 chain mail of cold resistance
 U - the +3 Mad Mage's Maulers (worn) {Infuse+∞ RegenMP Int-3}
   (You found it in an ice cave)

   It empowers its wearer's blows with all of their magic.
   It causes its wearer's magical reserves to regenerate more quickly.
   Int:       It affects your intelligence (-3).
Jewellery
 j - a +4 ring of protection (left hand)
 n - an amulet of reflection
 A - the macabre finger necklace {rN+}
   (You took it off a centaur warrior on level 8 of the Dungeon)

   [amulet of nothing]

   It enables you to equip an extra ring.
   rN:        It protects you from negative energy.
 D - a ring of willpower
 E - an amulet of regeneration
 F - a ring of ice
 L - a +4 ring of evasion (right hand)
 Q - a ring of willpower
 X - the amulet of the Air (around neck) {Inacc Air Fly rElec RMsl}
   (You bought it in a shop on level 2 of the Orcish Mines)

   [amulet of nothing]

   It reduces the accuracy of all your attacks.
   It enhances your air magic.
   rElec:     It insulates you from electricity.
   Fly:       It grants you flight.
   RMsl:      It protects you from missiles.
 Y - a ring of positive energy
Wands
 b - a wand of flame (21)
 y - a wand of iceblast (17)
 B - a wand of paralysis (23)
 J - a wand of acid (14)
 K - a wand of digging (4)
 R - a wand of mindburst (3)
Scrolls
 c - 11 scrolls of enchant armour
 f - 2 scrolls of enchant weapon
 g - 5 scrolls of noise
 k - 22 scrolls of identify
 l - 9 scrolls of vulnerability
 q - 2 scrolls of holy word
 s - 5 scrolls of fog
 H - 4 scrolls of amnesia
 O - 3 scrolls of silence {unknown}
 V - 2 scrolls of fear
Potions
 d - a potion of haste
 e - 2 potions of lignification {unknown}
 m - 5 potions of mutation {unknown}
 p - 6 potions of curing
 r - 2 potions of berserk rage {unknown}
 v - 4 potions of brilliance {unknown}
 I - a potion of attraction {unknown}
 M - 2 potions of cancellation {unknown}
 N - 2 potions of flight {unknown}
 S - a potion of ambrosia {unknown}
 T - a potion of invisibility {unknown}
Miscellaneous
 u - a condenser vane


   Skills:
 + Level 17.9 Fighting
 + Level 16.5 Axes
 - Level 10.0 Armour
 + Level 10.4 Dodging
 + Level 2.9 Stealth
 - Level 15.0 Shields
 - Level 5.0 Evocations


You had 15 spell levels left.
You didn't know any spells.
Your spell library contained the following spells:

 Spells                   Type           Power      Damage    Failure   Level
 Animate Skeleton         Necr           0%         N/A       54%         1
 Apportation              Tloc           0%         N/A       54%         1
 Foxfire                  Conj/Fire      0%         2x1d4     54%         1
 Magic Dart               Conj           0%         1d3       54%         1
 Pain                     Necr           0%         1d4       54%         1
 Sandblast                Erth           0%         2d4       54%         1
 Summon Small Mammal      Summ           0%         N/A       54%         1
 Call Imp                 Summ           0%         N/A       67%         2
 Corpse Rot               Necr/Air       0%         N/A       67%         2
 Poisonous Vapours        Pois/Air       0%         N/A       67%         2
 Searing Ray              Conj           0%         2d4       67%         2
 Sublimation of Blood     Necr           0%         N/A       67%         2
 Call Canine Familiar     Summ           0%         N/A       88%         3
 Conjure Flame            Conj/Fire      0%         6-21      88%         3
 Inner Flame              Hex/Fire       0%         N/A       88%         3
 Lesser Beckoning         Tloc           0%         N/A       88%         3
 Mephitic Cloud           Conj/Pois/Air  0%         N/A       88%         3
 Summon Guardian Golem    Hex/Summ       0%         N/A       88%         3
 Animate Armour           Summ/Erth      0%         N/A       99%         4
 Dispel Undead            Necr           0%         3d6       99%         4
 Flame Wave               Conj/Fire      0%         2d4       99%         4
 Fulminant Prism          Conj/Hex       0%         3d6       99%         4
 Petrify                  Tmut/Erth      0%         N/A       99%         4
 Summon Lightning Spire   Summ/Air       0%         N/A       99%         4
 Agony                    Necr           0%         N/A       100%        5
 Alistair's Intoxication  Tmut/Pois      0%         N/A       100%        5
 Blade Hands              Tmut           0%         N/A       100%        5
 Excruciating Wounds      Necr           0%         N/A       100%        5
 Fireball                 Conj/Fire      0%         3d3       100%        5
 Irradiate                Conj/Tmut      0%         3d14      100%        5
 Manifold Assault         Tloc           0%         N/A       100%        5
 Death Channel            Necr           0%         N/A       100%        6
 Iron Shot                Conj/Erth      0%         9d1       100%        6
 Starburst                Conj/Fire      0%         6d3       100%        6
 Ignition                 Fire           0%         3d3       100%        8
 Blink                    Tloc           Unusable   N/A       N/A         2

Dungeon Overview and Level Annotations

Branches:
Dungeon (15/15)            Temple (1/1) D:4            Lair (5/6) D:10
 Shoals (0/4) Lair:3       Spider (1/4) Lair:2          Orc (2/2) D:12
    Elf (0/3) Orc:2        Vaults (0/5) D:14         Depths (0/4) D:15
  IceCv (visited)         Volcano (visited)
  Slime: Lair:5-6

Altars:
Ashenzari
Dithmenos
Fedhas
Hepliaklqana
Kikubaaqudgha
Nemelex Xobeh
Okawaru
Ru
Vehumet
Xom
Yredelemnul
Zin
The Shining One
Beogh

Shops:
D:8 **   D:9 (   Orc:1 *   Orc:2 =*[(

Annotations:
Lair:4 exclusion: oklob plant


Innate Abilities, Weirdness & Mutations

You cannot be hasted, slowed, berserked, paralysed or teleported.
You can dig through walls and to a lower floor.
You have a pair of large antennae on your head. (SInv)
Your four strong arms can wield two-handed weapons with a shield.
You have very sharp teeth.
You are partially covered in iridescent scales. (AC +2)
You are dopey. (Int -2)
You are somewhat resistant to further mutation.
Your muscles are strong. (Str +2)
Your spells are a little harder to cast, but a little more powerful.
You sometimes lose the ability to read scrolls when taking damage.


Message History

The ghost moth hits you.
* * * LOW HITPOINT WARNING * * *
The ghost moth stings you but does no damage.
The meliai barely misses you. You block the meliai's attack.
A steelbarb worm comes into view.
You block the wolf spider's attack. The wolf spider misses you.
The wolf spider closely misses you. The wolf spider completely misses you.
You cannot read scrolls in your current state!
You feel very mighty all of a sudden.
You kill the meliai!
The ghost moth stares at you.
You feel your power leaking away. You block the ghost moth's attack.
The ghost moth barely misses you. The ghost moth completely misses you.
The wolf spider hits you!
* * * LOW HITPOINT WARNING * * *
The wolf spider completely misses you. The ghost moth stares at you.
The ghost moth completely misses you. You block the ghost moth's attack.
The ghost moth closely misses you.
You hit the ghost moth.
The ghost moth is heavily wounded.
You slash the wolf spider! You slice the wolf spider!!
The wolf spider looks as sick as possible!
You barely miss the wolf spider. You slash the jumping spider!
The wolf spider hits you!
* * * LOW HITPOINT WARNING * * *
Xom roars with laughter!
The wolf spider misses you.
The wolf spider hits you but does no damage.
You block the wolf spider's attack.
The jumping spider leaps!
You barely miss the jumping spider. Your bite misses the jumping spider.
You barely miss the wolf spider. You slash the wolf spider!
The wolf spider looks as sick as possible!
You closely miss the wolf spider. You slice the ghost moth!!
You closely miss the jumping spider. The wolf spider barely misses you.
The wolf spider bites you but does no damage.
You block the wolf spider's attack. The wolf spider barely misses you.
The ghost moth completely misses you. The ghost moth hits you.
You die...
Xom chortles!

#.#.°## { ....... {
..... ##...^ #..w##
{ ##s.s.# . ###ss(.#
.. ###.ssys.### ..
###...s@ss○..#
..#.###.....#s##..†#
......#..°.†#†.#####
....#....#.†<†..#
........###.††###
...##.....#[..†.#
##...####..### ....#
##...## ...###
#.....#########


You could see a steelbarb worm, a ghost moth (invisible, extremely poisoned), 3
wolf spiders, an orb spider, a culicivora, 2 jumping spiders and 4 tarantellas.

Vanquished Creatures
  Nikola (Spider:1)
  Jorgrun (Orc:2)
  Kirke (D:13)
  Donald (Orc:2)
  An orc warlord (Orc:1)
  A reaper (IceCv)
  An ironbound preserver (D:14)
  An entropy weaver (Spider:1)
  Snorg (D:11)
  An ettin (D:15)
  Harold (D:8)
  5 hydras
  2 boulder beetles
  A rakshasa (D:14)
  Erica (D:8)
  9 centaur warriors
  A catoblepas (D:14)
  3 two-headed ogres
  9 death yaks
  2 death knights
  4 orc high priests (Orc:2)
  2 tengu warriors
  Sonja (D:11)
  A fire crab (Volcano)
  A deep troll (D:15)
  3 skeletal warriors (D:14)
  Pikel (D:9)
  2 wizards
  A necromancer (D:15)
  4 orc knights
  2 lindwurms
  2 manticores
  6 orc sorcerers
  3 deep elf pyromancers
  3 cyclopes (D:12)
  4 wolf spiders
  5 ugly things
  Maurice (D:8)
  17 elephants
  5 black mambas
  2 ice statues (IceCv)
  3 cane toads
  A torpor snail (Lair:3)
  2 gargoyles (D:13)
  An unseen horror (shapeshifter) (D:13)
  4 kobold demonologists
  An unseen horror (D:8)
  Psyche (D:10)
  2 demonic crawlers
  2 tengu conjurers
  12 komodo dragons
  A rime drake (Lair:4)
  4 freezing wraiths
  7 ice devils (IceCv)
  An entropy weaver simulacrum (IceCv)
  An anaconda simulacrum (IceCv)
  The ghost of tatocazan the Skirmisher, an amateur DsFi of Cheibriados (D:6)
  4 tarantellas (Spider:1)
  A hornet (shapeshifter) (D:13)
  4 trolls
  A polar bear (Lair:5)
  A hornet (D:8)
  8 blink frogs
  3 meliai (Spider:1)
  7 slime creatures
  6 jumping spiders
  A centaur simulacrum (D:14)
  10 culicivoras (Spider:1)
  2 shadows
  A vampire (D:12)
  33 yaks
  2 water elementals (D:15)
  3 wyverns
  Sigmund (D:6)
  10 fire bats (Volcano)
  5 wraiths
  2 hogs (D:13)
  Grum (D:8)
  A basilisk (Lair:1)
  A golden eye (shapeshifter) (D:15)
  2 steam dragons
  8 vampire mosquitoes
  9 redbacks
  5 acid dragons
  8 water moccasins
  2 hell hounds (Volcano)
  2 ice beasts
  2 black bears
  30 orc warriors
  3 sky beasts
  2 necrophages (D:4)
  A black bear (shapeshifter) (Lair:2)
  6 ogres
  23 wolves
  4 lemures (D:9)
  5 centaurs
  2 wyvern zombies
  9 bullfrogs
  4 scorpions
  A two-headed ogre simulacrum (IceCv)
  2 cane toad simulacra (IceCv)
  A killer bee (D:10)
  A howler monkey (D:8)
  A wight (D:8)
  6 electric eels
  7 lava snakes (Volcano)
  2 bullfrog zombies
  2 centaur zombies
  15 orc priests
  A jelly (D:4)
  Crazy Yiuf (D:5)
  8 hounds
  A bullfrog skeleton (D:6)
  2 centaur skeletons
  An iguana (D:4)
  17 orc wizards
  Terence (D:2)
  7 hell rats (Lair:3)
  4 polar bear simulacra (IceCv)
  2 spriggan simulacra (IceCv)
  3 troll simulacra (IceCv)
  A gnoll (D:4)
  7 adders
  2 naga simulacra (IceCv)
  A shadow imp (D:5)
  3 white imps
  9 ufetubi
  A worm (D:2)
  2 dart slugs
  85 orcs
  5 ball pythons
  6 bats
  7 endoplasms
  2 giant cockroaches
  4 goblins
  8 hobgoblins
  7 jackals
  9 kobolds
  10 quokkas
  6 frilled lizards
  7 rats
661 creatures vanquished.

Vanquished Creatures (collateral kills)
  A death drake (D:14)
  A yak (Lair:1)
  2 fire bats (Volcano)
  A water moccasin (D:4)
  A jackal (D:4)
6 creatures vanquished.

Vanquished Creatures (others)
  A cyclops (D:14)
  2 humans (D:13)
  5 redbacks (Spider:1)
  A swamp drake (Lair:4)
  3 orcs
  6 fungi
  18 plants
36 creatures vanquished.

Grand Total: 703 creatures vanquished

Notes
Turn   | Place    | Note
-------+----------+-------------------------------------------
     0 | D:1      | oldriver the Formicid Chaos Knight began the quest for the
                  | Orb.
     0 | D:1      | Reached XP level 1. HP: 18/18 MP: 1/1
   110 | D:1      | Reached skill level 1 in Dodging
   157 | D:1      | XOM: silly message
   176 | D:1      | XOM: give mutation
   176 | D:1      | Gained mutation: You sometimes lose the ability to read
                  | scrolls when taking damage. [Xom's mischief]
   242 | D:1      | XOM: swap monsters
   247 | D:1      | Reached XP level 2. HP: 6/24 MP: 2/2
   521 | D:1      | XOM: summons 3 hostile shadow creatures
   672 | D:1      | Found a faded altar of an unknown god.
   721 | D:1      | XOM: noise
   722 | D:1      | Reached XP level 3. HP: 25/30 MP: 3/3
   948 | D:1      | XOM: summons 1 hostile shadow creature
  1631 | D:2      | XOM: stat loss: -1 Dex (9/10)
  1777 | D:2      | Reached XP level 4. HP: 30/37 MP: 4/4
  1821 | D:2      | XOM: silly message
  1882 | D:2      | Reached skill level 4 in Fighting
  2009 | D:2      | XOM: scenery: create altars
  2018 | D:2      | XOM: give mutations
  2018 | D:2      | Gained mutation: You are somewhat resistant to further
                  | mutation. [Xom's grace]
  2018 | D:2      | Gained mutation: Your flesh is heat resistant. (rF+) [Xom's
                  | grace]
  2131 | D:2      | Noticed Terence
  2134 | D:2      | Killed Terence
  2251 | D:2      | XOM: god gift: +6 ring of dexterity
  2304 | D:3      | XOM: divination: detect items
  2313 | D:3      | Reached XP level 5. HP: 41/43 MP: 5/5
  2402 | D:3      | XOM: cleaving
  2566 | D:3      | Found a blossoming altar of Fedhas.
  2976 | D:3      | XOM: silly message
  3143 | D:3      | XOM: god gift: 15 gold pieces
  3392 | D:4      | Found a staircase to the Ecumenical Temple.
  3392 | D:4      | Identified the +1 robe of the Harp {rN+ Str+5}
  3479 | D:4      | Noticed a water moccasin
  3502 | D:4      | Reached XP level 6. HP: 50/50 MP: 6/6
  3521 | D:4      | Killed a water moccasin
  3522 | D:4      | Reached skill level 5 in Fighting
  3705 | D:4      | XOM: cleaving
  3706 | D:4      | XOM: confusion
  3709 | D:4      | HP: 1/51 [iguana (12)]
  3744 | D:4      | Noticed a necrophage
  3754 | Temple   | XOM: noise
  3754 | Temple   | Entered the Ecumenical Temple
  3921 | D:4      | XOM: summons 6 friendly demons
  3924 | D:4      | Killed a necrophage
  3925 | D:4      | Reached skill level 5 in Axes
  3925 | D:4      | Reached XP level 7. HP: 56/56 MP: 7/7
  3955 | D:4      | Noticed a water moccasin
  3977 | D:4      | Killed a water moccasin
  4102 | D:4      | XOM: god gift: wand of flame (12)
  4152 | D:3      | XOM: give mutations
  4152 | D:3      | Gained mutation: Your mind is acute. (Int +2) [Xom's grace]
  4152 | D:3      | Gained mutation: You are strong-willed. (Will+) [Xom's
                  | grace]
  4152 | D:3      | Gained mutation: Your muscles are strong. (Str +2) [Xom's
                  | grace]
  4152 | D:3      | Gained mutation: You are highly strong-willed. (Will++)
                  | [Xom's grace]
  4169 | D:4      | Found an iron altar of Okawaru.
  4371 | D:4      | Found a shimmering altar of Xom.
  4486 | D:4      | Found a glowing golden altar of the Shining One.
  4493 | D:4      | Found a sparkling altar of Nemelex Xobeh.
  4496 | D:4      | Found a radiant altar of Vehumet.
  4540 | D:4      | Noticed a water moccasin
  4557 | D:4      | XOM: summons 2 friendly demons
  4567 | D:4      | Killed a water moccasin
  4568 | D:4      | Reached skill level 6 in Fighting
  4568 | D:4      | Reached XP level 8. HP: 36/64 MP: 8/8
  4573 | D:4      | XOM: cleaving
  4810 | D:4      | Identified the +12 war axe "Ciasoun" {venom, *Noise rF+++
                  | Str+3 Dex+2}
  4823 | D:4      | XOM: summons friendly ufetubus
  4853 | D:5      | Entered Level 5 of the Dungeon
  4900 | D:5      | XOM: enchant monster (good)
  4903 | D:5      | XOM: confuse monster(s)
  4910 | D:5      | Reached skill level 5 in Dodging
  4914 | D:5      | Reached skill level 7 in Fighting
  4992 | D:5      | XOM: god gift: scale mail {god gift}
  5088 | D:5      | Found a runed translucent door.
  5089 | D:5      | Noticed Crazy Yiuf
  5102 | D:5      | XOM: god gift: 20 gold pieces
  5161 | D:5      | XOM: give mutations
  5161 | D:5      | Gained mutation: You are robust. (+10% HP) [Xom's grace]
  5161 | D:5      | Gained mutation: You passively map a small area around you.
                  | [Xom's grace]
  5161 | D:5      | Gained mutation: Your muscles are very strong. (Str +4)
                  | [Xom's grace]
  5207 | D:5      | XOM: cleaving
  5217 | D:5      | Got the Disquisition on Supportive Earth
  5404 | D:5      | Killed Crazy Yiuf
  5447 | D:6      | Reached XP level 9. HP: 79/79 MP: 9/9
  5487 | D:6      | Noticed Sigmund
  5492 | D:6      | Killed Sigmund
  5517 | D:6      | Reached skill level 8 in Fighting
  5644 | D:6      | Found a sacrificial altar of Ru.
  5658 | D:6      | Found a hazy altar of Hepliaklqana.
  5661 | D:6      | Found a shadowy altar of Dithmenos.
  5708 | D:6      | Found a runed translucent door.
  5708 | D:6      | Noticed tatocazan's ghost (amateur DsFi)
  6126 | D:6      | Killed tatocazan's ghost
  6127 | D:6      | Reached skill level 9 in Fighting
  6236 | D:7      | Identified a scroll of acquirement
  6236 | D:7      | Acquired a manual of Shields
  6413 | D:7      | XOM: give mutations
  6413 | D:7      | Gained mutation: You are very robust. (+20% HP) [Xom's
                  | grace]
  6413 | D:7      | Gained mutation: You have very sharp teeth. [Xom's grace]
  6413 | D:7      | Gained mutation: You are somewhat resistant to both further
                  | mutation and mutation removal. [Xom's grace]
  6464 | D:7      | You fall into a shaft and drop 1 floor!
  6469 | D:8      | Noticed Maurice
  6480 | D:8      | Killed Maurice
  6481 | D:8      | Reached XP level 10. HP: 102/102 MP: 10/10
  6481 | D:8      | Noticed a kobold demonologist
  6482 | D:8      | Reached skill level 10 in Fighting
  6485 | D:8      | Killed a kobold demonologist
  6490 | D:8      | Noticed Grum
  6497 | D:8      | Killed Grum
  6498 | D:8      | Noticed a centaur warrior
  6500 | D:8      | Noticed a komodo dragon
  6503 | D:8      | Reached skill level 10 in Axes
  6504 | D:8      | Killed a centaur warrior
  6505 | D:8      | Reached skill level 11 in Fighting
  6509 | D:8      | Killed a komodo dragon
  6563 | D:8      | Noticed Erica
  6571 | D:8      | Killed Erica
  6572 | D:8      | Reached XP level 11. HP: 67/114 MP: 11/11
  6605 | D:8      | Found an ancient bone altar of Kikubaaqudgha.
  6637 | D:8      | Noticed Harold
  6654 | D:8      | Killed Harold
  6655 | D:8      | Reached skill level 12 in Fighting
  6878 | D:8      | Noticed a centaur warrior
  6879 | D:8      | Found a basalt altar of Yredelemnul.
  6884 | D:8      | Killed a centaur warrior
  6886 | D:8      | Noticed a two-headed ogre
  6893 | D:8      | XOM: smoke on damage
  6895 | D:8      | XOM: give mutations
  6895 | D:8      | Gained mutation: You have sharp toenails. [Xom's grace]
  6895 | D:8      | Gained mutation: Your spells are a little harder to cast,
                  | but a little more powerful. [Xom's grace]
  6895 | D:8      | Gained mutation: You have an increased reservoir of magic.
                  | (+10% MP) [Xom's grace]
  6904 | D:8      | Killed a two-headed ogre
  7132 | D:8      | XOM: cleaving
  7152 | D:8      | Noticed a two-headed ogre
  7159 | D:8      | Killed a two-headed ogre
  7160 | D:8      | Reached skill level 13 in Fighting
  7333 | D:8      | Noticed a centaur warrior
  7342 | D:8      | Noticed a deep elf pyromancer
  7343 | D:8      | XOM: cast spell 'Summon Cactus Giant'
  7345 | D:8      | Killed a centaur warrior
  7361 | D:8      | Killed a deep elf pyromancer
  7615 | D:7      | XOM: enchant monster (bad)
  8007 | D:8      | Found Hiolamakh's Fire Supplies.
  8026 | D:8      | XOM: divination: magic mapping
  8072 | D:8      | Found Apilic's Neck Hole.
  8077 | D:8      | Bought an amulet of regeneration for 300 gold pieces
  8246 | D:8      | XOM: noise
  8567 | D:9      | Noticed Pikel
  8583 | D:9      | XOM: potion effect (curing)
  8584 | D:9      | Killed Pikel
  8585 | D:9      | Reached XP level 12. HP: 110/127 MP: 13/13
  8619 | D:9      | Found Dyghupt's Weapon Emporium.
  9001 | D:9      | Found a glowing silver altar of Zin.
  9043 | D:10     | Entered Level 10 of the Dungeon
  9051 | D:10     | Reached skill level 1 in Shields
  9195 | D:10     | XOM: god gift: +4 ring of evasion
  9246 | D:10     | Reached skill level 14 in Fighting
  9249 | D:10     | XOM: potion effect (invisibility)
  9483 | D:10     | XOM: blink monster(s)
  9487 | D:10     | Found a staircase to the Lair.
  9496 | D:10     | XOM: cast spell 'Cause Fear'
  9511 | D:10     | Noticed Psyche
  9513 | D:10     | XOM: confusion (+ monsters)
  9528 | D:10     | Killed Psyche
  9529 | D:10     | Reached skill level 5 in Shields
  9538 | D:10     | XOM: silly message
  9777 | D:10     | Found a broken altar of Ashenzari.
 10107 | D:11     | Noticed Snorg
 10116 | D:11     | HP: 4/128 [Snorg (15)]
 10119 | D:11     | Killed Snorg
 10282 | D:11     | Noticed Sonja
 10286 | D:11     | Noticed a two-headed ogre
 10292 | D:11     | XOM: confusion (+ monsters)
 10294 | D:11     | Killed a two-headed ogre
 10302 | D:11     | Killed Sonja
 10420 | D:11     | XOM: stat loss: -1 Dex (17/18)
 10543 | D:11     | Noticed a five-headed hydra
 10556 | D:11     | Killed a six-headed hydra
 10557 | D:11     | Reached skill level 5 in Armour
 10637 | D:11     | XOM: silly message
 10980 | Lair:1   | Entered Level 1 of the Lair of Beasts
 10989 | Lair:1   | XOM: cleaving
 10990 | Lair:1   | XOM: divination: detect creatures
 11028 | Lair:1   | XOM: summons 2 friendly demons
 11032 | Lair:1   | Reached XP level 13. HP: 136/136 MP: 14/14
 11061 | Lair:1   | XOM: cloud trail
 11115 | Lair:1   | XOM: god gift: 9 stones
 11199 | Lair:1   | XOM: snakes to sticks
 11201 | Lair:1   | Reached skill level 1 in Evocations
 11295 | Lair:1   | XOM: fake destruction
 11296 | Lair:1   | XOM: confuse monster(s)
 11333 | Lair:1   | Reached skill level 15 in Fighting
 11460 | Lair:1   | XOM: divine lightning
 11786 | Lair:2   | XOM: blink monster(s)
 11793 | Lair:2   | Reached skill level 10 in Shields
 11794 | Lair:2   | XOM: summons friendly quasit
 11858 | Lair:2   | Noticed an eight-headed hydra
 11868 | Lair:2   | XOM: smoke on damage
 11869 | Lair:2   | Killed an eight-headed hydra
 12367 | Lair:2   | Found a hole to the Spider Nest.
 12374 | Lair:2   | XOM: summons 9 friendly demons
 12458 | Lair:2   | XOM: summons 1 hostile shadow creature
 12842 | Lair:3   | Noticed a six-headed hydra
 12857 | Lair:3   | Killed a six-headed hydra
 12903 | Lair:3   | Found a staircase to the Shoals.
 12918 | Lair:3   | XOM: divination: detect creatures
 12920 | Lair:3   | XOM: cast spell 'Statue Form'
 13146 | Lair:3   | XOM: noise
 13259 | Lair:3   | Reached skill level 5 in Evocations
 13318 | Lair:3   | Noticed a boulder beetle
 13322 | Lair:3   | XOM: silly message
 13328 | Lair:3   | Killed a boulder beetle
 13329 | Lair:3   | Reached XP level 14. HP: 148/148 MP: 15/15
 13691 | Lair:4   | XOM: noise
 13691 | Lair:4   | Found a dark tunnel.
 13697 | Volcano  | Entered a volcano
 13818 | Volcano  | XOM: scenery: summon butterflies
 13827 | Volcano  | XOM: scenery: summon butterflies
 13828 | Volcano  | XOM: summons 2 friendly demons
 13849 | Volcano  | Found a burning altar of Makhleb.
 13906 | Volcano  | Found a bloodstained altar of Trog.
 13925 | Lair:4   | XOM: summons 5 friendly demons
 14087 | Lair:4   | XOM: polymorph bullfrog -> swamp drake
 14093 | Lair:4   | XOM: divine lightning
 14094 | Lair:4   | Reached skill level 16 in Fighting
 14123 | Lair:4   | XOM: enchant monster (good)
 14133 | Lair:4   | XOM: divination: detect creatures
 14154 | Lair:4   | XOM: polymorph blink frog -> sky beast
 14354 | Lair:4   | XOM: fog
 14355 | Lair:4   | XOM: scenery: 1 doors open
 14549 | Lair:4   | XOM: cloud trail
 14653 | Lair:4   | XOM: god gift: dagger {god gift}
 14795 | Lair:5   | XOM: enchant monster (good)
 14801 | Lair:5   | Reached skill level 15 in Axes
 15002 | Lair:5   | XOM: divination: detect items
 15262 | Lair:5   | XOM: confuse monster(s)
 15289 | Lair:5   | XOM: noise
 15756 | D:12     | Found a frozen archway.
 15815 | D:12     | XOM: scenery: create altars
 15831 | D:12     | XOM: polymorph slime creature -> komodo dragon
 15835 | D:12     | XOM: destruction
 15883 | D:12     | Reached XP level 15. HP: 88/158 MP: 16/16
 15884 | D:12     | XOM: scenery: create altars
 15917 | IceCv    | Entered an ice cave
 15960 | IceCv    | XOM: polymorph ice beast -> worm
 16015 | IceCv    | Found the +3 Mad Mage's Maulers {Infuse+∞ RegenMP Int-3}
 16177 | IceCv    | Noticed a reaper
 16205 | IceCv    | Killed a reaper
 16293 | IceCv    | XOM: cloud trail
 16845 | D:12     | Found a staircase to the Orcish Mines.
 16906 | D:12     | XOM: polymorph orc -> quokka
 17366 | D:12     | XOM: give mutations
 17366 | D:12     | Lost mutation: You are somewhat resistant to both further
                  | mutation and mutation removal. [Xom's mischief]
 17366 | D:12     | Lost mutation: Your muscles are very strong. (Str +4)
                  | [Xom's mischief]
 17366 | D:12     | Lost mutation: You have an increased reservoir of magic.
                  | (+10% MP) [Xom's mischief]
 17366 | D:12     | Lost mutation: You are highly strong-willed. (Will++)
                  | [Xom's mischief]
 17584 | D:13     | XOM: summons friendly quasit
 17590 | D:13     | XOM is BORED!
 17590 | D:13     | XOM: enchant monster (bad)
 17715 | D:13     | XOM: enchant monster (bad)
 17716 | D:13     | XOM: confusion (+ monsters)
 17835 | D:13     | XOM: confusion (+ monsters)
 17847 | D:13     | Noticed Kirke
 17851 | D:13     | XOM: silly message
 17855 | D:13     | XOM: noise
 17857 | D:13     | Killed Kirke
 17869 | D:13     | XOM: chaos upgrade
 17895 | D:13     | Reached skill level 17 in Fighting
 18304 | D:13     | XOM: give mutations
 18304 | D:13     | Gained mutation: You are partially covered in iridescent
                  | scales. (AC +2) [Xom's grace]
 18304 | D:13     | Gained mutation: You are agile. (Dex +2) [Xom's grace]
 18304 | D:13     | Gained mutation: You are mostly covered in iridescent
                  | scales. (AC +4) [Xom's grace]
 18399 | D:14     | XOM: summons 8 friendly demons
 18401 | D:14     | XOM: polymorph wizard -> death drake
 18711 | D:14     | Noticed an ironbound preserver
 18721 | D:14     | XOM: summons 3 friendly demons
 18725 | D:14     | Killed an ironbound preserver
 18725 | D:14     | XOM: swap monsters
 18784 | D:14     | XOM: divine lightning
 18953 | D:14     | Found a gate to the Vaults.
 18962 | D:14     | XOM: draining
 19197 | D:14     | XOM: torment (74/146 hp)
 19525 | D:14     | XOM: silly message
 19641 | D:14     | XOM: summons 4 hostile shadow creatures
 19896 | D:14     | XOM: give mutation
 19896 | D:14     | Lost mutation: Your mind is acute. (Int +2) [Xom's
                  | mischief]
 20106 | Orc:1    | Entered Level 1 of the Orcish Mines
 20113 | Orc:1    | XOM: give mutations
 20113 | Orc:1    | Lost mutation: You are strong-willed. (Will+) [Xom's
                  | mischief]
 20113 | Orc:1    | Lost mutation: You are agile. (Dex +2) [Xom's mischief]
 20198 | Orc:2    | Entered Level 2 of the Orcish Mines
 20198 | Orc:2    | Noticed Donald
 20203 | Orc:2    | Killed Donald
 20263 | Orc:1    | XOM: enchant monster (bad)
 20387 | Orc:2    | Found a staircase to the Elven Halls.
 20421 | Orc:2    | Noticed Jorgrun
 20431 | Orc:2    | XOM: cast spell 'Summon Ice Beast'
 20439 | Orc:2    | Killed Jorgrun
 20440 | Orc:2    | Reached XP level 16. HP: 131/166 MP: 0/16
 20507 | Orc:2    | XOM: noise
 20531 | Orc:2    | XOM: noise
 20587 | Orc:2    | XOM: silly message
 20630 | Orc:2    | XOM: cast spell 'Alistair's Intoxication'
 20641 | Orc:2    | XOM: cast spell 'Call Canine Familiar'
 20647 | Orc:2    | XOM: divination: detect creatures
 20649 | Orc:2    | XOM: smoke on damage
 20658 | Orc:2    | XOM: confuse monster(s)
 20668 | Orc:1    | XOM: confuse monster(s)
 20803 | Orc:1    | Found Tesem's General Store.
 21209 | Orc:2    | XOM: fake destruction
 21239 | Orc:2    | XOM: polymorph soul eater -> sun demon
 21299 | Orc:1    | XOM: polymorph orc priest -> scorpion
 21515 | Orc:2    | XOM: draining
 21596 | Orc:2    | XOM: noise
 21808 | Orc:2    | XOM: confuse monster(s)
 21810 | Orc:2    | Reached skill level 15 in Shields
 21948 | Orc:2    | Found Emoulos's General Store.
 21949 | Orc:2    | Found Riykh's Jewellery Emporium.
 21951 | Orc:2    | Found Hucs's Antique Armour Shoppe.
 21951 | Orc:2    | Found Liegigh's Antique Weapon Shoppe.
 21956 | Orc:2    | Bought an ancient scale mail for 198 gold pieces
 21956 | Orc:2    | Identified the +1 scale mail of the Raven {*Corrode +Inv
                  | Fly} (You bought it in a shop on level 2 of the Orcish
                  | Mines)
 21970 | Orc:2    | Bought the amulet of the Air {Inacc Air Fly rElec RMsl} for
                  | 451 gold pieces
 21970 | Orc:2    | Found the amulet of the Air {Inacc Air Fly rElec RMsl}
 21996 | Orc:2    | XOM: give mutations
 21996 | Orc:2    | Lost mutation: You are mostly covered in iridescent scales.
                  | (AC +4) [Xom's mischief]
 21996 | Orc:2    | Gained mutation: You are dopey. (Int -2) [Xom's mischief]
 21996 | Orc:2    | Lost mutation: You have sharp toenails. [Xom's mischief]
 21996 | Orc:2    | Lost mutation: You passively map a small area around you.
                  | [Xom's mischief]
 22173 | D:15     | Entered Level 15 of the Dungeon
 22300 | D:15     | XOM: polymorph four-headed hydra -> four-headed hydra
 22423 | D:15     | XOM: summons 4 hostile demons
 22431 | D:15     | XOM: confuse monster(s)
 22534 | D:15     | Reached skill level 10 in Dodging
 22617 | D:15     | XOM: noise
 22628 | D:15     | XOM: potion effect (curing)
 22630 | D:15     | XOM: noise
 22636 | D:15     | XOM: confuse monster(s)
 22643 | D:15     | XOM: silly message
 22698 | D:15     | XOM: draining
 22738 | D:15     | Found a staircase to the Depths.
 22746 | D:15     | XOM: stat loss: -1 Dex (11/12)
 23353 | Lair:1   | XOM is BORED!
 23353 | Lair:1   | XOM: give mutations
 23353 | Lair:1   | Lost mutation: Your flesh is heat resistant. (rF+) [Xom's
                  | mischief]
 23353 | Lair:1   | Lost mutation: You are very robust. (+20% HP) [Xom's
                  | mischief]
 23353 | Lair:1   | Lost mutation: You are robust. (+10% HP) [Xom's mischief]
 23383 | Spider:1 | Entered Level 1 of the Spider Nest
 23433 | Spider:1 | Noticed Nikola
 23436 | Spider:1 | XOM: divine lightning
 23482 | Lair:2   | XOM: divination: detect creatures
 23568 | Spider:1 | XOM: noise
 23576 | Spider:1 | XOM: silly message
 23608 | Spider:1 | XOM: fog
 23614 | Spider:1 | XOM: confuse monster(s)
 23621 | Spider:1 | XOM: destruction
 23627 | Spider:1 | Killed Nikola
 23628 | Spider:1 | Reached skill level 1 in Stealth
 23751 | Spider:1 | Reached skill level 10 in Armour
 23767 | Spider:1 | HP: 1/143 [wolf spider (13)]
 23768 | Spider:1 | Slain by a ghost moth

Illustrated notes

Levels and vault maps discovered:
D:1:      dpeg_arrival_radiant, layout_loops_ring,
          hellmonk_ecumenical_altar_zigzags
D:2:      layout_loops_cross, nrook_campfire, uniq_terence
D:3:      layout_basic, fedhas_altar_4
D:4:      layout_rooms, nicolae_overflow_hidden_temple,
          minmay_overflow_temple_star_quad, mainiacjoe_overflow_boulevard,
          minmay_temple_entry_large_hall, minmay_pentangle
D:5:      layout_cave_pools, uniq_crazy_yiuf_cottage
D:6:      layout_loops_cross, riverfiend_overflow_shadow_ancestor,
          hangedman_ru_absence, hellmonk_ghost_happy_afterlife, uniq_sigmund
D:7:      layout_rooms, enter_bailey_4
D:8:      minmay_the_grid_octo_2x2 [minmay_the_grid_octo_teeth,
          minmay_the_grid_octo_vomiting_pacman, minmay_the_grid_octo_odd_swirl,
          minmay_the_grid_octo_prize_big_c], layout_rooms, kennysheep_mini_moat,
          nicolae_shop_fire_sale [nicolae_sub_dead_trees],
          nicolae_shop_sticking_my_neck_out, uniq_grum, uniq_erica, uniq_harold,
          uniq_maurice
D:9:      layout_basic, zin_statuary, serial_shops, shop,
          amcnicky_mini_corridor_feature, uniq_pikel
D:10:     layout_grid_maze, nicolae_ashenzari_skybound, erik_lair_island,
          kennysheep_generic_room_13, uniq_psyche
D:11:     layout_loops_ring, uniq_snorg, uniq_sonja
D:12:     layout_layer_cave, david_orc_2, special_room [special_room_orc],
          portal_ice_cave_entry_pillars_2, grunt_ministairs_7
D:13:     layout_small_grid, uniq_kirke
D:14:     layout_stronghold, skrybe_vaults_entry_preservation
D:15:     hangedman_depths_entry_civil_slaughter, layout_loops_ring,
          serial_bayou_ford_a
Temple:   cyrus_temple_forest
Lair:1:   layout_regular_city
Lair:2:   layout_long_grid, spider_nest_entry_funnel_web, minivault_19,
          serial_bayou_shore_a, infiniplex_staircase_pool, grunt_megastairs_5
Lair:3:   layout_small_grid, elwin_shoals_entry_rocks, lemuel_fruit_fields
Lair:4:   wander_river, layout_regular_city, nicolae_volcano_entry_vermiform,
          grunt_megastairs_4
Lair:5:   layout_loops_ring, minivault_11
Spider:1: layout_spider_delve, drop_trap, uniq_aizul, uniq_nikola
Orc:1:    layout_diamond_mine, serial_shops, nicolae_shop_advertising_works
          [nicolae_subvault_shop_adworks], nicolae_orc_lava_room
Orc:2:    st_orc_congregation, layout_caves, uniq_jorgrun, uniq_donald

Skill      XL: |  1  2  3  4  5  6  7  8  9 10 11 12 13 14 15 16 |
---------------+-------------------------------------------------+-----
Dodging        | 1 2 3 4 5 6 8 9 10 | 10.4
Fighting       | 4 5 6 7 9 11 13 14 15 16 17 | 17.9
Axes           | 4 5 6 9 10 12 13 14 15 16 | 16.5
Shields        | 8 10 12 14 15 | 15.0
Armour         | 5 6 8 10 | 10.0
Evocations     | 5 |  5.0
Stealth        | 2 |  2.9

Action                   |  1- 3 |  4- 6 |  7- 9 | 10-12 | 13-15 | 16-18 || total
-------------------------+-------+-------+-------+-------+-------+-------++-------
Melee: Hand axe          |   122 |   135 |    76 |       |       |     7 ||   340
       Punch             |     1 |     3 |     3 |     4 |       |       ||    11
       War axe           |       |       |    89 |   251 |   815 |   296 ||  1451
       Bite              |       |       |     2 |    25 |   130 |    30 ||   187
       Mace              |       |       |       |    10 |    16 |       ||    26
       Kick              |       |       |       |       |     4 |       ||     4
       Battleaxe         |       |       |       |       |     8 |     5 ||    13
Evoke: Wand              |       |       |       |       |     2 |       ||     2
  Use: Potion            |       |     7 |     1 |     3 |       |     6 ||    17
       Scroll            |       |       |    13 |       |     2 |     1 ||    16
 Stab: Sleeping          |       |     1 |     3 |       |       |       ||     4
       Paralysed         |       |       |     2 |       |       |       ||     2
       Petrified         |       |       |     1 |       |       |       ||     1
       Invisible         |       |       |       |     2 |       |       ||     2
       Confused          |       |       |       |     1 |     2 |     3 ||     6
       Distracted        |       |       |       |       |     2 |       ||     2
Armor: Leather armour    |    63 |    33 |       |       |       |       ||    96
       Robe              |       |    21 |    68 |    70 |       |       ||   159
       Troll leather arm |       |       |       |    37 |   233 |   126 ||   396
       Skin              |       |       |       |       |     4 |       ||     4
Dodge: Dodged            |    89 |   119 |   128 |   172 |   446 |   219 ||  1173
Block: Buckler           |       |       |       |    80 |   365 |   198 ||   643
       Reflection        |       |       |       |       |     4 |     4 ||     8

Table legend: (Time is in decaauts)
 A = Elapsed time spent in this place.
 B = Non-inter-level travel time spent in this place.
 C = Inter-level travel time spent in this place.
 D = Time resting spent in this place.
 E = Time spent auto-exploring this place.
 F = Levels seen in this place.
 G = Mean time per level.
                   A        B        C        D        E       F      G
               +--------+--------+--------+--------+--------+-----+--------+
         Total |  23567 |  22386 |   1181 |   2542 |  15280 |  26 |  906.4 |
       Dungeon |  15860 |  15003 |    857 |   1911 |  10290 |  15 | 1057.3 |
        Temple |    164 |    164 |      0 |    163 |      0 |   1 |  164.0 |
          Lair |   4640 |   4394 |    246 |    265 |   3309 |   5 |  928.0 |
   Spider Nest |    218 |    218 |      0 |      0 |     91 |   1 |  218.0 |
  Orcish Mines |   1934 |   1858 |     76 |    116 |   1304 |   2 |  967.0 |
      Ice Cave |    530 |    530 |      0 |     87 |    193 |   1 |  530.0 |
       Volcano |    220 |    220 |      0 |      0 |     92 |   1 |  220.0 |
               +--------+--------+--------+--------+--------+-----+--------+

Top non-repeatable levels by time:
    D:14: 1700 daAuts
     D:4: 1457 daAuts
     D:1: 1363 daAuts
     D:8: 1314 daAuts
  Lair:2: 1264 daAuts
    D:12: 1144 daAuts
    D:10: 1085 daAuts
   Orc:2: 1071 daAuts
    D:15: 1045 daAuts
    D:13: 1039 daAuts
     D:3: 961 daAuts
  Lair:4: 937 daAuts
     D:2: 937 daAuts
    D:11: 931 daAuts
     D:7: 921 daAuts
